 Dungeon Crawl Stone Soup version 0.18-a0-1351-gaffb144 (console) character file.

543 sorlin the Slasher (level 7, 0/52 HPs)
             Began as a Formicid Fighter on Feb 19, 2016.
             Was a Priest of Makhleb.
             Slain by a wight
             ... wielding a +3 falchion
              (3 damage)
             ... on level 4 of the Dungeon.
             The game lasted 00:15:53 (4569 turns).

sorlin the Slasher (Formicid Fighter)               Turns: 4569, Time: 00:15:53

Health: 0/52       AC:  9    Str: 21    XL:     7   Next: 52%
Magic:  7/7        EV:  9    Int:  7    God:    Makhleb [***...]
Gold:   136        SH:  0    Dex: 12    Spells: 0 memorised, 6 levels left

rFire  . . .     SeeInvis +     a - +0 long sword
rCold  . . .     Gourm    .     u - +0 scale mail
rNeg   . . .     Faith    .     (no shield)
rPois  .         Spirit   .     (helmet unavailable)
rElec  .         Dismiss  .     (no cloak)
rCorr  .         Reflect  .     t - +2 pair of gloves
SustAt .         Harm     .     (no boots)
MR     .....                    (no amulet)
Stlth  +.........               (no ring)
                                (no ring)

@: drained, not resistant to hostile enchantments, very unstealthy
A: permanent stasis, dig shafts and tunnels, four strong arms, antennae 3
a: Dig, Shaft Self, Minor Destruction, Lesser Servant of Makhleb, Renounce
Religion


You were on level 4 of the Dungeon.
You worshipped Makhleb.
Makhleb was most pleased with you.
You were hungry.

You visited 1 branch of the dungeon, and saw 4 of its levels.
You also visited: Sewer.

You collected 186 gold pieces.
You spent 50 gold pieces at shops.

Inventory:

Hand Weapons
 a - a +0 long sword (weapon)
 b - a +0 hunting sling
 j - a +0 blowgun
 v - a +0 short sword of protection
Missiles
 e - 2 needles of slowing
 q - 8 javelins (quivered)
 w - 16 exploding sling bullets
 x - 31 poisoned needles
Armour
 c - a +0 shield
 k - a +4 ring mail of fire resistance
 t - a +2 pair of gloves (worn)
 u - a +0 scale mail (worn)
Scrolls
 i - 4 scrolls of fog
 l - a scroll of immolation {unknown}
 n - a scroll of enchant armour
 o - a scroll of recharging {unknown}
 B - a scroll of remove curse
Potions
 m - 4 potions of brilliance
 p - 2 potions of flight {unknown}
 r - 2 potions of curing
 s - 2 potions of heal wounds {unknown}
 z - a potion of magic
 A - 2 potions of agility {unknown}
Books
 y - a book of Flames

   Spells                             Type                      Level
   a - Flame Tongue                   Conjuration/Fire             1
   b - Throw Flame                    Conjuration/Fire             2
   c - Conjure Flame                  Conjuration/Fire             3
   d - Inner Flame                    Hexes/Fire                   3
   e - Sticky Flame                   Conjuration/Fire             4
   f - Fireball                       Conjuration/Fire             5
Comestibles
 f - 2 bread rations
 g - 5 fruits


   Skills:
 - Level 3.2(2.6) Fighting
 * Level 6.6(6.0) Long Blades
 - Level 3.2(2.6) Armour
 + Level 4.8(4.2) Stealth
 - Level 3.6(3.0) Shields


You had 6 spell levels left.
You didn't know any spells.

Dungeon Overview and Level Annotations

Branches:
Dungeon (4/15)
 Temple: D:4-7

Altars:
Makhleb

Shops:
D:4 ?


Innate Abilities, Weirdness & Mutations

You are under a permanent stasis effect.
You can dig through walls and to a lower floor.
Your four strong arms can wield two-handed weapons with a shield.
You have a pair of large antennae on your head (SInv).


Message History

The wight is heavily damaged.
The wight hits you with an enchanted falchion!
You hit the wight but do no damage.
The wight is heavily damaged.
The wight hits you with an enchanted falchion.
You feel drained.
You barely miss the wight.
The wight is heavily damaged.
The wight hits you with an enchanted falchion.
* * * LOW HITPOINT WARNING * * *
You are too injured to fight recklessly!
You hit the wight but do no damage.
The wight is heavily damaged.
The wight hits you but does no damage.
You closely miss the wight.
The wight is heavily damaged.
The wight hits you with an enchanted falchion!
* * * LOW HITPOINT WARNING * * *
You feel drained.
You die...

**,** *..# *#.##
#..# #..#### #
#....≈# ## #...≈≈#
.## #.≈≈≈≈#
#.#######≈≈zz≈#
##.......z≈≈≈{####
#############)#@#
##z## ###


You could see a wight.

Vanquished Creatures
  4 wights (D:4)
  A hound (D:2)
  Ijyb (D:3)
  2 worker ants (D:4)
  A gnoll (D:4)
  6 adders
  8 river rats
  A shadow imp (D:3)
  2 worms
  5 giant geckos
  8 ball pythons
  A giant cockroach (D:4)
  16 hobgoblins
  9 jackals
  23 kobolds
  A quokka (D:2)
  8 bats
  4 giant newts
  9 goblins
  32 rats
142 creatures vanquished.

Notes
Turn   | Place    | Note
--------------------------------------------------------------
     0 | D:1      | sorlin the Formicid Fighter began the quest for the Orb.
     0 | D:1      | Reached XP level 1. HP: 18/18 MP: 1/1
    71 | D:1      | Reached XP level 2. HP: 9/24 MP: 2/2
   451 | D:1      | Reached XP level 3. HP: 29/29 MP: 3/3
   781 | D:1      | Reached skill level 1 in Stealth
   834 | D:1      | Reached XP level 4. HP: 35/35 MP: 4/4
  1042 | D:2      | Reached skill level 4 in Long Blades
  1350 | D:2      | Found a burning altar of Makhleb.
  1366 | D:2      | Reached XP level 5. HP: 21/41 MP: 5/5
  1542 | D:2      | Became a worshipper of Makhleb the Destroyer
  2147 | D:3      | Noticed Ijyb
  2160 | D:3      | Killed Ijyb
  2160 | D:3      | Reached skill level 5 in Long Blades
  2232 | D:3      | Reached * piety under Makhleb
  2449 | D:3      | Reached XP level 6. HP: 38/47 MP: 6/6
  3081 | D:4      | Found Vozeivuck's Magic Scroll Shoppe.
  3094 | D:4      | Bought a scroll of fog for 20 gold pieces
  3094 | D:4      | Bought a scroll of noise for 10 gold pieces
  3094 | D:4      | Bought a scroll of identify for 20 gold pieces
  3119 | D:4      | Found a glowing drain.
  3123 | D:4      | HP: 2/47 [river rat (8)]
  3127 | Sewer    | Entered a sewer
  3733 | Sewer    | Reached ** piety under Makhleb
  3751 | Sewer    | Reached skill level 6 in Long Blades
  3759 | Sewer    | Reached XP level 7. HP: 23/52 MP: 7/7
  4297 | Sewer    | Reached *** piety under Makhleb
  4569 | D:4      | Slain by a wight

Vault maps used:
D:1:      dpeg_arrival_concentric_ovals, kennysheep_crisscross
D:2:      makhleb_heckhound_becter
D:3:      uniq_iyjb
D:4:      portal_sewer_entry_b, first_bread, serial_shops, shop,
          wad_woods_river_04
Sewer:    sewer_minmay_treatment

Action                   |  1- 3 |  4- 6 |  7- 9 || total
-------------------------+-------+-------+-------++-------
Melee: Long sword        |   104 |   247 |   100 ||   451
 Fire: Blowgun           |       |       |     2 ||     2
Throw: Javelin           |     2 |    28 |     6 ||    36
 Abil: Dig               |       |     5 |     2 ||     7
  Use: Scroll            |       |    12 |       ||    12
       Potion            |       |     2 |     2 ||     4
  Eat: Chunk             |       |     8 |     2 ||    10
       Beef jerky        |       |     2 |       ||     2
